 Dungeon Crawl Stone Soup version 0.31-a0-1002-g8e65716e6e (webtiles) character file.

Game seed: 14383001230423622090

0 Chiseanne the Shooter (level 1, 12/14 HPs)
             Began as an Octopode Wanderer on Nov 9, 2023.
             Quit the game on level 1 of the Dungeon.
             The game lasted 00:00:23 (32 turns).

Chiseanne the Shooter (Octopode Wanderer)             Turns: 32, Time: 00:00:24

Health: 12/14      AC:  1    Str: 11    XL:     1   Next: 10%
Magic:  1/1        EV: 13    Int: 13    God:
Gold:   17         SH:  0    Dex: 12    Spells: 0/0 levels left

rFire   . . .        a - +3 sling
rCold   . . .        (no shield)
rNeg    . . .        (helmet restricted)
rPois   .            (no amulet)
rElec   .            (no ring)
rCorr   .            (no ring)
SInv    .            (no ring)
Will    .....        (no ring)
Stlth   +++          (no ring)
HPRegen 0.22/turn    (no ring)
MPRegen 0.07/turn    (no ring)
                     (no ring)

%: no passive effects
@: no status effects
A: almost no armour, amphibious, 8 rings, camouflage 1, gelatinous body 1,
(nimble swimmer 1), tentacles
a: no special abilities


You were on level 1 of the Dungeon.
You visited 1 branch of the dungeon, and saw 1 of its levels.

You collected 17 gold pieces.

Inventory:

Hand Weapons
 a - a +3 sling (weapon)
Wands
 b - a wand of polymorph (1)
Potions
 c - a potion of heal wounds


   Skills:
 + Level 2.0 Fighting
 + Level 3.0 Ranged Weapons
 + Level 2.0 Dodging
 + Level 1.4 Stealth
 + Level 2.2 Evocations


You couldn't memorise any spells.
You didn't know any spells.
Your spell library was empty.

Dungeon Overview and Level Annotations

Branches:
Dungeon (1/15)

Altars:


Innate Abilities, Weirdness & Mutations

You cannot wear most types of armour.
You are amphibious.
You can wear up to eight rings at the same time.
Your skin changes colour to match your surroundings (Stealth+).
Your rubbery body absorbs attacks. (AC +1, EV +1)
((You are camouflaged when in or above water. (Stealth+)))
You have tentacles for arms and can constrict up to eight enemies at once.


Message History

You shoot a sling bullet.
The sling bullet barely misses the ball python.
Fire: a) +3 sling
Press: ? - help, Q - select action, (/) - cycle Shift-Dir - straight line, f/p - ball python
Aim: a ball python (57% to hit)
You shoot a sling bullet. The sling bullet hits the ball python.
The ball python is severely wounded.
Fire: a) +3 sling
Press: ? - help, Q - select action, (/) - cycle Shift-Dir - straight line, f/p - ball python
Aim: a ball python (severely wounded, 57% to hit)
You shoot a sling bullet. The sling bullet hits the ball python.
You kill the ball python!
A quokka comes into view.
Fire: a) +3 sling
Press: ? - help, Q - select action, (/) - cycle Shift-Dir - straight line, f - quokka
Aim: a quokka (asleep, 98% to hit)
You shoot a sling bullet.
The sling bullet hits the quokka but does no damage.
Fire: a) +3 sling
Press: ? - help, Q - select action, (/) - cycle Shift-Dir - straight line, f/p - quokka
Aim: a quokka (50% to hit)
You shoot a sling bullet.
The sling bullet closely misses the quokka.
Fire: a) +3 sling
Press: ? - help, Q - select action, (/) - cycle Shift-Dir - straight line, f/p - quokka
Aim: a quokka (50% to hit)
You shoot a sling bullet.
The sling bullet barely misses the quokka.
Fire: a) +3 sling
Press: ? - help, Q - select action, (/) - cycle Shift-Dir - straight line, f/p - quokka
Aim: a quokka (50% to hit)
You shoot a sling bullet.
The sling bullet hits the quokka but does no damage.
Fire: a) +3 sling
Press: ? - help, Q - select action, (/) - cycle Shift-Dir - straight line, f/p - quokka
Aim: a quokka (50% to hit)
You shoot a sling bullet. The sling bullet hits the quokka.
The quokka is heavily wounded.
The quokka bites you.
Are you sure you want to abandon this character and quit the game? (Confirm with "yes".)

+.....<.....'.#
####.....####.#
#..#...#..##.#
#.#.#.#.#.##.##
##..#.#..###..###
.####.#######...#
....#+#.........#
.........####...#
.......@.# #...#
..>....r.# #####
.........#
........##
........#
.........
.........
.........


You could see a quokka.

Vanquished Creatures
  A ball python (D:1)
1 creature vanquished.

Notes
Turn   | Place    | Note
-------+----------+-------------------------------------------
     0 | D:1      | Chiseanne the Octopode Wanderer began the quest for the
                  | Orb.
     0 | D:1      | Chiseanne set off with the following items: a +3 sling, a
                  | wand of polymorph (3), a potion of heal wounds.
     0 | D:1      | Reached XP level 1. HP: 14/14 MP: 1/1
    32 | D:1      | Quit the game

Illustrated notes

Levels and vault maps discovered:
D:1:      nzn_arrival_crosshair, layout_rooms, serial_curves, eino_curves_04,
          eino_curves_03, serial_bayou_pond_b, interstate_on_off,
          solitary_fountain, minmay_misc_feat_x, chequers_mini_garden,
          minmay_cut_off

Action                     || total
---------------------------++-------
   Fire: Sling             ||     8
  Evoke: Wand              ||     2
 Armour: Skin              ||     1

Table legend: (Time is in decaauts)
 A = Elapsed time spent in this place.
 B = Non-inter-level travel time spent in this place.
 C = Inter-level travel time spent in this place.
 D = Time resting spent in this place.
 E = Time spent auto-exploring this place.
 F = Levels seen in this place.
 G = Mean time per level.
                   A        B        C        D        E       F      G
               +--------+--------+--------+--------+--------+-----+--------+
         Total |     33 |     33 |      0 |      0 |     16 |   1 |   33.0 |
       Dungeon |     33 |     33 |      0 |      0 |     16 |   1 |   33.0 |
               +--------+--------+--------+--------+--------+-----+--------+

Top non-repeatable levels by time:
     D:1: 33 daAuts
